 Dungeon Crawl Stone Soup version 0.31.0-9-g3a7656b989 (webtiles) character file.

Game seed: 12805280138488425663

775 Killerpretzel the Thaumaturge (level 7, 0/36 HPs)
             Began as a Deep Elf Conjurer on Jan 25, 2024.
             Slain by Duvessa
             ... wielding a +0 short sword
              (12 damage)
             ... on level 6 of the Dungeon.
             The game lasted 00:21:33 (4882 turns).

Killerpretzel the Thaumaturge (Deep Elf Conjurer)   Turns: 4882, Time: 00:21:34

Health: 0/36       AC:  4    Str:  4    XL:     7   Next: 54%
Magic:  5/20       EV: 13    Int: 25    God:
Gold:   189        SH:  0    Dex: 19    Spells: 19/22 levels left

rFire   + . .        r - staff of fire
rCold   . . .        (no shield)
rNeg    . . .        a - +1 robe
rPois   .            (no helmet)
rElec   .            (no cloak)
rCorr   +            c - +0 pair of gloves
SInv    .            (no boots)
Will    .....        D - amulet of the acrobat
Stlth   +++          u - +6 ring of dexterity
HPRegen 0.26/turn    x - ring of resist corrosion
MPRegen 0.17/turn

%: acrobat
@: no status effects
A: no striking features
a: no special abilities


You were on level 6 of the Dungeon.
You visited 1 branch of the dungeon, and saw 7 of its levels.

You collected 189 gold pieces.

Inventory:

Hand Weapons
 e - a +0 dagger
 f - a +0 hand axe
 h - a +0 short sword
Missiles
 n - 3 boomerangs
Armour
 a - a +1 robe (worn)
 c - a +0 pair of gloves (worn)
Magical Staves
 l - a staff of alchemy
 r - a staff of fire (weapon)
Jewellery
 u - a +6 ring of dexterity (left hand)
 w - a ring of ice
 x - a ring of resist corrosion (right hand)
 D - an amulet of the acrobat (around neck)
Wands
 o - a wand of light (13)
 p - a wand of charming (11)
Scrolls
 d - 2 scrolls of revelation
 g - a scroll of immolation
 i - 2 scrolls of identify {unknown}
 k - a scroll of torment
 q - 4 scrolls of teleportation
 t - a scroll of noise {unknown}
 v - 3 scrolls of amnesia {unknown}
 y - a scroll of fog {unknown}
 z - a scroll of enchant weapon {unknown}
 B - a scroll of fear {unknown}
 E - a scroll of poison {unknown}
Potions
 b - a potion of magic
 j - a potion of heal wounds
 m - 4 potions of curing {unknown}
 s - a potion of might {unknown}
 A - a potion of attraction {unknown}
 C - a potion of cancellation {unknown}
 F - a potion of mutation {unknown}
 G - a potion of lignification {unknown}


   Skills:
 - Level 3.0 Dodging
 - Level 3.1 Stealth
 * Level 8.1 Spellcasting
 * Level 7.7 Conjurations


You had 19 spell levels left.
You knew the following spells:

 Your Spells              Type           Power      Damage    Failure   Level
a - Magic Dart            Conj           100%       1d8       1%          1
b - Searing Ray           Conj           96%        2d7       1%          2

Your spell library contained the following spells:

 Spells                   Type           Power      Damage    Failure   Level
 Necrotise                Necr           40%        1d6       6%          1
 Ensorcelled Hibernation  Hex/Ice        20%        N/A       9%          2
 Fulminant Prism          Conj/Alch      14%        3d9       12%         4
 Iskenderun's Mystic Bla  Conj/Tloc      29%        2d7       12%         4
 Fugue of the Fallen      Necr           10%        N/A       19%         3
 Vampiric Draining        Necr           10%        2d6       19%         3
 Anguish                  Hex/Necr       5%         N/A       52%         4
 Martyr's Knell           Necr/Summ      10%        N/A       52%         4
 Alistair's Intoxication  Alch           6%         N/A       86%         5
 Borgnjor's Vile Clutch   Necr/Erth      5%         N/A       86%         5
 Curse of Agony           Necr           10%        N/A       86%         5
 Eringya's Noxious Bog    Alch           5%         4d6       100%        6


Dungeon Overview and Level Annotations

Branches:
Dungeon (8/15)
 Temple: D:4-7         Lair: D:8-11

Altars:
Ashenzari
Hepliaklqana
Nemelex Xobeh
Qazlal
Ru
Xom
Yredelemnul
Zin

Annotations:
D:2 Sigmund
D:3 exclusion: downstairs
D:6 Duvessa
D:7 exclusion: steam dragon


Message History

Duvessa is moderately wounded.
You finish channelling your searing ray.
Duvessa closely misses you.
Casting: Searing Ray (safe; 1% risk of failure)
Confirm with . or Enter, or press ? or * to list all spells.
Aiming: Searing Ray (safe; 1% risk of failure)
Press: ? - help, Shift-Dir - straight line, f/p - Duvessa
Aim: Duvessa, wielding a +0 short sword and wearing a +2 ring mail of fire resistance (moderately wounded, 87% to hit)
The searing ray hits Duvessa.
Duvessa is moderately wounded. (Press . to maintain the ray.) Duvessa barely misses you.
The searing ray hits Duvessa!
Duvessa is heavily wounded.
The searing ray hits Dowan!
You kill Dowan!
Duvessa weeps, and shakes her weapon.
Duvessa goes berserk!
Duvessa hits you with a +0 short sword!
Your Spellcasting skill increases to level 8!
Casting: Searing Ray (safe; 1% risk of failure)
Confirm with . or Enter, or press ? or * to list all spells.
Restarting spell: Searing Ray (safe; 1% risk of failure)
Press: ? - help, Shift-Dir - straight line, f/p - Duvessa
Aim: Duvessa, wielding a +0 short sword and wearing a +2 ring mail of fire resistance (heavily wounded, berserk, 87% to hit)
The searing ray hits Duvessa!
Duvessa is severely wounded. (Press . to maintain the ray.) Duvessa hits you with a +0 short sword!
Duvessa hits you with a +0 short sword.
* * * LOW HITPOINT WARNING * * *
You feel much better. Duvessa hits you with a +0 short sword!
Casting: Searing Ray (safe; 1% risk of failure)
Confirm with . or Enter, or press ? or * to list all spells.
Aiming: Searing Ray (safe; 1% risk of failure)
Press: ? - help, Shift-Dir - straight line, f/p - Duvessa
Aim: Duvessa, wielding a +0 short sword and wearing a +2 ring mail of fire resistance (severely wounded, berserk, 87% to hit)
The searing ray hits Duvessa.
Duvessa is almost dead. (Press . to maintain the ray.) Duvessa hits you with a +0 short sword! x2
You die...

#######
#..>e.#
#)#...#
#e#.#..#
#@#.##.#
#.#.#
.8#
#.#..
...
#.###
### #?#
#.# #.#
..#


You could see Duvessa (berserk).

Vanquished Creatures
  An ogre (D:4)
  2 bullfrogs (D:7)
  5 wights (D:7)
  Dowan (D:6)
  A hound (D:4)
  A bombardier beetle (D:3)
  A jelly (D:7)
  2 orc wizards
  4 adders
  3 dart slugs
  3 orcs
  3 bats
  11 endoplasms
  4 giant cockroaches
  6 goblins
  7 hobgoblins
  4 quokkas
  6 ball pythons
  3 frilled lizards (D:1)
  6 kobolds
  4 rats
78 creatures vanquished.

Notes
Turn   | Place    | Note
-------+----------+-------------------------------------------
     0 | D:1      | Killerpretzel the Deep Elf Conjurer began the quest for the
                  | Orb.
     0 | D:1      | Reached XP level 1. HP: 10/10 MP: 6/6
   248 | D:1      | Reached XP level 2. HP: 15/15 MP: 6/8
   453 | D:1      | Learned a level 2 spell: Searing Ray
  1064 | D:2      | Reached XP level 3. HP: 19/19 MP: 5/10
  1302 | D:2      | Noticed Sigmund
  2142 | D:3      | Reached skill level 4 in Spellcasting
  2142 | D:3      | Reached skill level 5 in Conjurations
  2142 | D:3      | Reached XP level 4. HP: 24/24 MP: 6/12
  2595 | D:3      | Found a shimmering altar of Xom.
  2599 | D:3      | Found a broken altar of Ashenzari.
  2787 | D:3      | Found a basalt altar of Yredelemnul.
  2833 | D:3      | Found a faded altar of an unknown god.
  3084 | D:3      | Found a sparkling altar of Nemelex Xobeh.
  3266 | D:4      | Reached skill level 5 in Spellcasting
  3266 | D:4      | Reached XP level 5. HP: 28/28 MP: 5/14
  3425 | D:4      | Noticed an ogre
  3488 | D:4      | Found a hazy altar of Hepliaklqana.
  3556 | D:4      | Noticed an ogre
  3563 | D:4      | Killed an ogre
  3774 | D:4      | Reached skill level 6 in Spellcasting
  3774 | D:4      | Reached XP level 6. HP: 22/32 MP: 6/17
  3891 | D:4      | You fall into a shaft and drop 3 floors!
  3989 | D:7      | Noticed a steam dragon
  3996 | D:7      | Found a glowing silver altar of Zin.
  4392 | D:7      | Reached skill level 7 in Spellcasting
  4393 | D:7      | Reached XP level 7. HP: 21/36 MP: 12/19
  4558 | D:7      | Found a sacrificial altar of Ru.
  4558 | D:7      | Found a stormy altar of Qazlal.
  4866 | D:6      | Noticed Duvessa
  4866 | D:6      | Noticed Dowan
  4879 | D:6      | Killed Dowan
  4880 | D:6      | Reached skill level 8 in Spellcasting
  4882 | D:6      | Slain by Duvessa

Illustrated notes

Levels and vault maps discovered:
D:1:      ncdulo_smallfort, layout_loops_ring
D:2:      layout_basic, uniq_sigmund
D:3:      layout_loops_ring, lemuel_round_altar,
          mainiacjoe_overflow_six_doors_small, nemelex_diamond_rough_becter,
          nicolae_overflow_hidden_temple, shapermc_ecumenical_altar_venn
D:4:      layout_gridville, mainiacjoe_overflow_paths, grunt_ministairs_1,
          minmay_pentomino_pile
D:6:      layout_basic, small_statue_intersection, minmay_small_thing,
          uniq_duvessa
D:7:      layout_basic, lemuel_tele_altar, gammafunk_temple_overflow_wave,
          columned_hall_lemuel, st_stairs_3
D:8:      layout_loops_ring, nicolae_wooded_promenade,
          nicolae_have_a_lightning_rod

Skill      XL: |  1  2  3  4  5  6  7 |
---------------+----------------------+-----
Dodging        | 3 |  3.0
Stealth        | 3 |  3.1
Spellcasting   | 4 5 6 7 8 |  8.1
Conjurations   | 5 6 7 |  7.7

Action                     |  1- 3 |  4- 6 |  7- 9 || total
---------------------------+-------+-------+-------++-------
   Cast: Magic Dart        |    63 |    68 |     5 ||   136
         Searing Ray       |     3 |    14 |    11 ||    28
    Use: Scroll            |     5 |       |       ||     5
         Potion            |     1 |       |     1 ||     2
 Armour: Robe              |     3 |    11 |     8 ||    22
  Dodge: Dodged            |     2 |    10 |     7 ||    19
